 Dungeon Crawl Stone Soup version 0.29-a0-824-gd827844252 (webtiles) character file.

Game seed: 9887587019641271217

4 buhh the Insei (level 1, 0/13 HPs)
             Began as an Octopode Transmuter on July 10, 2022.
             Slain by an endoplasm (2 damage)
             ... on level 1 of the Dungeon.
             The game lasted 00:00:09 (207 turns).

buhh the Insei (Octopode Transmuter)                 Turns: 207, Time: 00:00:10

Health: 0/13       AC:  1    Str:  9    XL:     1   Next: 60%
Magic:  3/3        EV: 13    Int: 15    God:
Gold:   0          SH:  0    Dex: 12    Spells: 3/4 levels left

rFire   . . .      SeeInvis .     - Unarmed
rCold   . . .      Faith    .   (no shield)
rNeg    . . .      Spirit   .   (helmet currently unavailable)
rPois   .          Reflect  .   (no amulet)
rElec   .          Harm     .   (no ring)
rCorr   .          Rampage  .   (no ring)
Will    .....                   (no ring)
Stlth   ++........              (no ring)
HPRegen 0.04/turn               (no ring)
MPRegen 0.08/turn               (no ring)
                                (no ring)
                                (no ring)

@: appendages (expiring)
A: tentacle spike 3, almost no armour, amphibious, 8 rings, camouflage 1,
gelatinous body 1, (nimble swimmer 1), tentacles
a: End Transformation


You were on level 1 of the Dungeon.
One of your tentacles had grown a beastly spike.
You visited 1 branch of the dungeon, and saw 1 of its levels.

Inventory:

Potions
 n - a potion of lignification {!d}


   Skills:
 + Level 1.1 Fighting
 + Level 2.0 Dodging
 * Level 0.6 Stealth
 + Level 3.0 Unarmed Combat
 - Level 2.0 Spellcasting
 - Level 2.0 Transmutations
 * Level 0.5 Poison Magic


You had 3 spell levels left.
You knew the following spells:

 Your Spells              Type           Power      Damage    Failure   Level
a - Beastly Appendage     Tmut           14%        N/A       10%         1

Your spell library contained the following spells:

 Spells                   Type           Power      Damage    Failure   Level
 Wereblood                Tmut           7%         N/A       14%         2
 Spider Form              Tmut/Pois      5%         N/A       36%         3
 Ice Form                 Ice/Tmut       4%         N/A       82%         4


Dungeon Overview and Level Annotations

Branches:
Dungeon (1/15) Zot: 5793

Altars:


Innate Abilities, Weirdness & Mutations

One of your tentacles has grown a beastly spike.
You cannot wear most types of armour.
You are amphibious.
You can wear up to eight rings at the same time.
Your skin changes colour to match your surroundings (Stealth+).
Your rubbery body absorbs attacks. (AC +1, EV +1)
((You are camouflaged when in or above water. (Stealth+)))
You have tentacles for arms and can constrict up to eight enemies at once.


Message History

Your tentacle spike misses the goblin.
The goblin hits you with a +0 club.
You tentacle-slap the goblin. Your grab misses the goblin.
You pierce the goblin.
You kill the goblin!
The endoplasm barely misses you. The hobgoblin completely misses you.
You barely miss the hobgoblin. Your grab misses the hobgoblin.
Your tentacle spike misses the hobgoblin.
The endoplasm completely misses you. The hobgoblin hits you.
You tentacle-slap the hobgoblin but do no damage.
You grab the hobgoblin.
You pierce the hobgoblin.
The hobgoblin is moderately wounded.
You constrict the hobgoblin, but do no damage.
The hobgoblin closely misses you. The endoplasm hits you.
The giant cockroach barely misses you.
You tentacle-slap the hobgoblin.
You pierce the hobgoblin.
You kill the hobgoblin!
The endoplasm hits you. The giant cockroach closely misses you.
You are too injured to fight recklessly!
You are too injured to fight recklessly!
You are too injured to fight recklessly!
There are monsters nearby!
There are monsters nearby!
There are monsters nearby!
The endoplasm attacks as you move away! The endoplasm hits you.
The giant cockroach attacks as you move away!
The giant cockroach closely misses you.
Your transformation is almost over.
You see here a scroll labelled DISHRE HUECKU.
The giant cockroach attacks as you move away!
The giant cockroach barely misses you.
The giant cockroach completely misses you.
The giant cockroach attacks as you move away!
The giant cockroach barely misses you.
There is a stone staircase leading down here.
The endoplasm attacks as you move away! The endoplasm hits you.
* * * LOW HITPOINT WARNING * * *
The giant cockroach attacks as you move away!
The giant cockroach barely misses you. The endoplasm attacks as you move away!
The endoplasm hits you.
You die...

≈≈≈≈≈≈≈≈≈≈≈≈≈≈.......##
≈≈8≈≈≈≈≈≈≈≈8≈≈≈).....# .
≈≈≈≈≈≈≈≈≈≈≈≈≈≈≈......# .[
≈≈≈...≈≈≈≈≈≈≈≈≈......###..
≈≈.≈≈≈.≈≈≈≈≈≈≈≈..........# ...
..≈≈≈≈.>≈≈≈≈≈≈≈##.....### ... .
≈≈≈≈≈≈<.≈≈≈≈..≈##......## #.....
≈≈≈≈≈≈≈.≈≈≈.≈≈.##J>r..(.##......
≈≈≈≈≈≈≈≈...≈≈≈≈.@B##.......#....
≈≈≈≈≈≈≈≈≈≈≈≈≈≈≈..##.r....#......
≈≈8≈≈≈≈≈≈≈≈8≈≈≈...[.............
≈≈≈≈≈≈≈≈≈≈≈≈≈≈.....#...?..#...
#≈≈≈≈≈≈≈≈≈≈≈≈.#........)#.#
..≈≈≈≈≈≈≈≈≈≈...............#
###..#.##...###..............
.... #.... ?...............
........###...#..


You could see an endoplasm, a giant cockroach and a rat.

Vanquished Creatures
  A goblin (D:1)
  A hobgoblin (D:1)
  A kobold (D:1)
3 creatures vanquished.

Notes
Turn   | Place    | Note
-------+----------+-------------------------------------------
     0 | D:1      | buhh the Octopode Transmuter began the quest for the Orb.
     0 | D:1      | Reached XP level 1. HP: 13/13 MP: 3/3
   207 | D:1      | Slain by an endoplasm

Illustrated notes

Levels and vault maps discovered:
D:1:      nzn_arrival_water_spiral, layout_rooms

Action                   || total
-------------------------++-------
Melee: Unarmed           ||     8
       Kick              ||     4
       Constrict         ||     1
       Tentacles         ||     1
 Cast: Beastly Appendage ||     2
Dodge: Dodged            ||    12

Table legend: (Time is in decaauts)
 A = Elapsed time spent in this place.
 B = Non-inter-level travel time spent in this place.
 C = Inter-level travel time spent in this place.
 D = Time resting spent in this place.
 E = Time spent auto-exploring this place.
 F = Levels seen in this place.
 G = Mean time per level.
                   A        B        C        D        E       F      G
               +--------+--------+--------+--------+--------+-----+--------+
         Total |    206 |    203 |      3 |      0 |    171 |   1 |  206.0 |
       Dungeon |    206 |    203 |      3 |      0 |    171 |   1 |  206.0 |
               +--------+--------+--------+--------+--------+-----+--------+

Top non-repeatable levels by time:
     D:1: 206 daAuts
